Penguins vs Stars
(R1)
Created - March 13, 2018 at 19:02
Goals
|
Penguins |
2 |
1 |
1 |
4 |
Stars |
0 |
2 |
1 |
3 |
|
Shots
|
Penguins |
12 |
10 |
9 |
31 |
Stars |
7 |
13 |
11 |
31 |
|
1st period
1. Penguins , Steven Stamkos 45 (Duncan Keith 19) at 10:57
2. Penguins , Bobby Ryan 39 (Steven Stamkos 66, Andrew Cogliano 30) at 17:33 (PP)
Penalties :
Max Pacioretty (Pit) for Slashing (Minor) at 0:30, Dominic Moore (Pit) for Cross-checking (Minor) at 3:47, Drew Fata (Dal) for High sticking (Minor) at 16:03, Raphael Diaz (Dal) for Holding (Minor) at 18:10
2nd period
3. Penguins , Bobby Ryan 40 (Steven Stamkos 67, Eric Gryba 11) at 2:44
4. Stars , Michael Frolik 34 (John Tavares 48) at 8:55
5. Stars , Michael Frolik 35 (John Tavares 49) at 16:14
Penalties :
Evgeny Artyukhin (Dal) for High sticking (Minor) at 9:48
3rd period
6. Stars , Johnny Oduya 4 (Jussi Jokinen 32, Michael Frolik 42) at 6:44 (PP)
7. Penguins , Dion Phaneuf 9 (Dominic Moore 11) at 13:20
Penalties :
Evgeny Artyukhin (Dal) for Hooking (Minor) at 0:57, Keith Aulie (Pit) for Hooking (Minor) at 4:49, Brian Lee (Dal) for Hooking (Minor) at 13:23, Dion Phaneuf (Pit) for Diving (Minor) at 19:26, Michael Frolik (Dal) for Holding (Minor) at 19:29
Goalie Stats
Brian Elliott (Pit), 28 saves from 31 shots - (0.903), W, 28-17-7, 60:00 minutes
Pascal Leclaire (Dal), 27 saves from 31 shots - (0.871), L, 26-21-3, 59:48 minutes
Players Stats for Penguins
Player Name G A P +/- PIM S H SB GA TA FO MP PP MP PK MP
------------------------------------------------------------------------------------
Andrew Cogliano 0 1 1 3 0 2 0 0 0 1 7/10 23:30 5:15 3:12
Bobby Ryan 2 0 2 3 0 5 0 0 2 0 2/2 20:30 5:15 0:00
D.J King 0 0 0 0 0 2 0 0 0 0 0/0 10:07 0:00 2:35
Dion Phaneuf 1 0 1 -1 2 6 2 1 0 2 0/0 26:08 5:32 4:14
Dominic Moore 0 1 1 -1 2 0 0 0 0 0 2/7 12:24 0:00 1:46
Duncan Keith 0 1 1 1 0 2 0 1 1 0 0/0 21:50 3:54 2:49
Eric Gryba 0 1 1 1 0 1 0 1 0 0 0/0 13:08 0:00 0:00
Keith Aulie 0 0 0 1 2 1 1 3 0 0 0/0 20:09 3:54 1:39
Max Pacioretty 0 0 0 -1 2 1 2 1 2 0 0/0 16:50 4:11 0:00
Patrick Marleau 0 0 0 -1 0 0 1 0 1 0 0/0 9:11 0:00 0:09
Paul Ranger 0 0 0 1 0 0 0 1 0 0 0/0 13:08 0:00 0:00
Radim Vrbata 0 0 0 -1 0 1 2 0 0 0 0/0 12:53 0:00 3:12
Riley Armstrong 0 0 0 0 0 0 1 1 0 0 0/0 6:41 0:00 0:00
Ryan Callahan 0 0 0 0 0 1 0 0 1 0 0/0 6:41 0:00 0:00
Sam Gagner 0 0 0 -1 0 1 4 0 1 0 5/11 17:11 4:11 0:54
Sean Zimmerman 0 0 0 -1 0 2 2 0 0 0 0/0 25:35 5:32 3:10
Steve Downie 0 0 0 -1 0 0 1 0 0 0 0/0 16:22 4:11 0:00
Steven Stamkos 1 2 3 3 0 6 1 0 2 0 13/31 21:12 5:15 0:04
Players Stats for Stars
Player Name G A P +/- PIM S H SB GA TA FO MP PP MP PK MP
------------------------------------------------------------------------------------
Andrei Markov 0 0 0 -1 0 0 0 1 0 0 0/0 19:10 1:40 3:47
Antoine Vermette 0 0 0 0 0 0 1 0 0 0 0/2 11:36 0:00 3:23
Brian Lee 0 0 0 -2 2 4 4 4 0 0 0/0 26:37 4:16 4:42
Daniel Cleary 0 0 0 0 0 1 1 0 0 0 0/0 9:13 0:00 0:00
Drew Fata 0 0 0 2 2 0 2 5 0 2 0/0 19:14 0:00 5:18
Dustin Penner 0 0 0 0 0 1 1 0 0 1 0/0 11:49 0:00 3:26
Evgeny Artyukhin 0 0 0 -2 4 0 2 0 0 0 0/0 14:17 1:46 0:28
John Tavares 0 2 2 1 0 1 0 0 0 1 18/31 19:01 4:10 0:22
Johnny Oduya 1 0 1 -2 0 2 1 1 0 0 0/0 21:33 4:16 0:27
Jussi Jokinen 0 1 1 -2 0 3 5 1 0 1 1/3 16:44 4:10 0:46
Matt Cooke 0 0 0 0 0 1 0 0 0 0 0/0 9:13 0:00 0:00
Michael Frolik 2 1 3 1 2 7 2 0 0 0 1/1 18:36 4:09 0:00
Michal Handzus 0 0 0 0 0 7 0 0 0 1 7/11 14:48 0:00 5:13
Patrick Eaves 0 0 0 0 0 1 0 0 1 0 1/1 8:07 0:00 0:00
Raphael Diaz 0 0 0 2 2 2 1 1 0 1 0/0 16:09 0:00 2:08
Ryan Getzlaf 0 0 0 -2 0 0 2 0 1 0 3/7 13:46 1:46 0:00
Scott Hartnell 0 0 0 1 0 0 3 0 0 1 1/3 22:05 1:46 5:14
Trevor Daley 0 0 0 -1 0 1 2 0 1 2 0/2 18:00 1:40 2:30
3 Stars
1 - Steven Stamkos (Pit)
2 - Bobby Ryan (Pit)
3 - Michael Frolik (Dal)
Power Play
Penguins - 1 on 6 Attempt(s) - 16.67%
Stars - 1 on 4 Attempt(s) - 25.00%
Penalty Kill
Penguins - 3 on 4 Attempt(s) - 75.00%
- Score 0 goal in Penalty Kill
Stars - 5 on 6 Attempt(s) - 83.33%
- Score 0 goal in Penalty Kill
Team Stat
Penguins - Hits : 17 - Faceoff Wins : 29 - Blocked Shots : 9 - Penalty Minutes : 8
Stars - Hits : 27 - Faceoff Wins : 32 - Blocked Shots : 13 - Penalty Minutes : 12
Official
Referees : Hebert Ghislain and O'Rourke Dan
Linesman : Jonny Murray and Tim Nowak
Game Notes
No Game Note
Finance
Level 1 -- Attendance: 6000 (100.00%) -- Ticket Income $420,000
Level 2 -- Attendance: 3897 (77.94%) -- Ticket Income $233,820
Level 3 -- Attendance: 1277 (63.85%) -- Ticket Income $63,850
Level 4 -- Attendance: 2372 (59.30%) -- Ticket Income $94,880
Luxury Box -- Attendance: 934 (93.40%) -- Ticket Income $98,070
Game was played at the American Airlines Center.
Total Attendance: 14480 (80.44%)
Total Ticket Income: $910,620
Other Income: $136,593
Total Income: $1,047,213
Penguins
5 vs 5 Forward
Center Left Wing Right Wing Time % Phy DF OF
1 Steven Stamkos Andrew Cogliano Bobby Ryan 40 0 2 3
2 Sam Gagner Max Pacioretty Steve Downie 30 0 2 3
3 Dominic Moore Patrick Marleau Radim Vrbata 20 0 2 3
4 Riley Armstrong D.J King Ryan Callahan 10 0 2 3
5 vs 5 Defense
Defense Defense Time % Phy DF OF
1 Sean Zimmerman Dion Phaneuf 44 0 3 2
2 Duncan Keith Keith Aulie 33 0 3 2
3 Paul Ranger Eric Gryba 23 0 3 2
4 Dion Phaneuf Sean Zimmerman 0 0 3 2
PowerPlay Forward
Center Left Wing Right Wing Time % Phy DF OF
1 Steven Stamkos Andrew Cogliano Bobby Ryan 60 0 1 4
2 Sam Gagner Max Pacioretty Steve Downie 40 0 1 4
PowerPlay Defense
Defense Defense Time % Phy DF OF
1 Sean Zimmerman Dion Phaneuf 60 0 2 3
2 Duncan Keith Keith Aulie 40 0 2 3
Penalty Kill 4 Players Forward
Center Wing Time % Phy DF OF
1 Andrew Cogliano Radim Vrbata 60 0 4 1
2 Dominic Moore D.J King 40 0 4 1
Penalty Kill 4 Players Defense
Defense Defense Time % Phy DF OF
1 Sean Zimmerman Dion Phaneuf 60 0 4 1
2 Duncan Keith Keith Aulie 40 0 4 1
Penalty Kill - 3 Players Forward
Forward Time % Phy DF OF
1 Andrew Cogliano 60 0 4 1
2 Dominic Moore 40 0 4 1
Penalty Kill - 3 Players Defense
Defense Defense Time % Phy DF OF
1 Sean Zimmerman Dion Phaneuf 60 0 4 1
2 Duncan Keith Keith Aulie 40 0 4 1
4 vs 4 Forward
Center Wing Time % Phy DF OF
1 Steven Stamkos Bobby Ryan 60 0 2 3
2 Sam Gagner Max Pacioretty 40 0 2 3
4 vs 4 Defense
Defense Defense Time % Phy DF OF
1 Sean Zimmerman Dion Phaneuf 60 0 3 2
2 Duncan Keith Keith Aulie 40 0 3 2
Last Minutes Offensive
Center Left Wing Right Wing Defense Defense
Steven Stamkos Andrew Cogliano Bobby Ryan Sean Zimmerman Dion Phaneuf
Last Minutes Defensive
Center Left Wing Right Wing Defense Defense
Dominic Moore Andrew Cogliano Bobby Ryan Sean Zimmerman Dion Phaneuf
Goaltenders
Starting : Brian Elliott
Backup : Josh Tordjman
Extra Forwards
Normal : Steven Stamkos, Sam Gagner, Dominic Moore - PP : Steven Stamkos, Sam Gagner - PK : Dominic Moore
Extra Defensemen
Normal : Sean Zimmerman, Duncan Keith, Eric Gryba - PP : Paul Ranger - PK : Dion Phaneuf, Duncan Keith
Penalty Shots
Steven Stamkos, Max Pacioretty, Andrew Cogliano, Bobby Ryan, Ryan Callahan
Scratches
None
Stars
5 vs 5 Forward
Center Left Wing Right Wing Time % Phy DF OF
1 John Tavares Scott Hartnell Michael Frolik 39 0 2 3
2 Ryan Getzlaf Jussi Jokinen Evgeny Artyukhin 27 0 2 3
3 Michal Handzus Matt Cooke Daniel Cleary 20 1 2 2
4 Antoine Vermette Dustin Penner Patrick Eaves 14 1 2 2
5 vs 5 Defense
Defense Defense Time % Phy DF OF
1 Johnny Oduya Brian Lee 40 1 2 2
2 Trevor Daley Andrei Markov 30 1 2 2
3 Raphael Diaz Drew Fata 30 1 2 2
4 Johnny Oduya Brian Lee 0 1 2 2
PowerPlay Forward
Center Left Wing Right Wing Time % Phy DF OF
1 John Tavares Jussi Jokinen Michael Frolik 60 0 1 4
2 Ryan Getzlaf Scott Hartnell Evgeny Artyukhin 40 0 1 4
PowerPlay Defense
Defense Defense Time % Phy DF OF
1 Johnny Oduya Brian Lee 60 0 2 3
2 Trevor Daley Andrei Markov 40 0 2 3
Penalty Kill 4 Players Forward
Center Wing Time % Phy DF OF
1 Michal Handzus Scott Hartnell 60 1 3 1
2 Antoine Vermette Dustin Penner 40 1 3 1
Penalty Kill 4 Players Defense
Defense Defense Time % Phy DF OF
1 Brian Lee Drew Fata 60 0 3 2
2 Raphael Diaz Andrei Markov 40 0 3 2
Penalty Kill - 3 Players Forward
Forward Time % Phy DF OF
1 Scott Hartnell 60 1 4 0
2 Michal Handzus 40 1 4 0
Penalty Kill - 3 Players Defense
Defense Defense Time % Phy DF OF
1 Johnny Oduya Brian Lee 60 1 4 0
2 Trevor Daley Andrei Markov 40 1 4 0
4 vs 4 Forward
Center Wing Time % Phy DF OF
1 Trevor Daley Scott Hartnell 60 1 2 2
2 Jussi Jokinen Michael Frolik 40 1 2 2
4 vs 4 Defense
Defense Defense Time % Phy DF OF
1 Johnny Oduya Brian Lee 60 1 2 2
2 Trevor Daley Andrei Markov 40 1 2 2
Last Minutes Offensive
Center Left Wing Right Wing Defense Defense
John Tavares Scott Hartnell Michael Frolik Trevor Daley Brian Lee
Last Minutes Defensive
Center Left Wing Right Wing Defense Defense
Ryan Getzlaf Scott Hartnell Daniel Cleary Johnny Oduya Drew Fata
Goaltenders
Starting : Pascal Leclaire
Backup : Miika Kiprusoff
Extra Forwards
Normal : Michal Handzus, Dustin Penner, Michael Frolik - PP : Evgeny Artyukhin, Dustin Penner - PK : Evgeny Artyukhin
Extra Defensemen
Normal : Raphael Diaz, Drew Fata, Trevor Daley - PP : Raphael Diaz - PK : Drew Fata, Trevor Daley
Penalty Shots
John Tavares, Michael Frolik, Ryan Getzlaf, Michal Handzus, Evgeny Artyukhin
Scratches
Jamie Langenbrunner (Healthy)
% Time on Ice - Penguins
Lines # - Real PCT - Wanted PCT - Time Play
Normal Forward
1 - 32% - 40% - 13:56
2 - 32% - 30% - 14:03
3 - 20% - 20% - 8:50
4 - 15% - 10% - 6:41
Normal Defense
1 - 37% - 44% - 16:01
2 - 33% - 33% - 14:21
3 - 30% - 23% - 13:08
4 - 0% - 0% - 0:00
PP Forward
1 - 56% - 60% - 5:15
2 - 44% - 40% - 4:11
PP Defense
1 - 59% - 60% - 5:32
2 - 41% - 40% - 3:54
PK Forward
1 - 56% - 60% - 3:20
2 - 44% - 40% - 2:36
PK Defense
1 - 53% - 60% - 3:10
2 - 47% - 40% - 2:46
PK3 Forward
1 - 0% - 60%
2 - 0% - 40%
PK3 Defense
1 - 0% - 60%
2 - 0% - 40%
44 Forward
1 - 100% - 60% - 0:30
2 - 0% - 40% - 0:00
44 Defense
1 - 100% - 60% - 0:30
2 - 0% - 40% - 0:00
Last Minute Offensive - 0:00
Last Minute Defensive - 0:38
Total
Forward - 60:00
Defense - 60:00
|
% Time on Ice - Stars
Lines # - Real PCT - Wanted PCT - Time Play
Normal Forward
1 - 32% - 39% - 14:07
2 - 28% - 27% - 12:00
3 - 21% - 20% - 9:13
4 - 19% - 14% - 8:07
Normal Defense
1 - 38% - 40% - 16:40
2 - 31% - 30% - 13:29
3 - 31% - 30% - 13:18
4 - 0% - 0% - 0:00
PP Forward
1 - 70% - 60% - 4:10
2 - 30% - 40% - 1:46
PP Defense
1 - 72% - 60% - 4:16
2 - 28% - 40% - 1:40
PK Forward
1 - 73% - 60% - 6:55
2 - 27% - 40% - 2:31
PK Defense
1 - 64% - 60% - 6:03
2 - 36% - 40% - 3:23
PK3 Forward
1 - 0% - 60%
2 - 0% - 40%
PK3 Defense
1 - 0% - 60%
2 - 0% - 40%
44 Forward
1 - 100% - 60% - 0:30
2 - 0% - 40% - 0:00
44 Defense
1 - 100% - 60% - 0:30
2 - 0% - 40% - 0:00
Last Minute Offensive - 0:41
Last Minute Defensive - 0:00
Total
Forward - 60:00
Defense - 60:00
|
Play by Play
1st period
0:01 of 1st period - Steven Stamkos wins face-off versus John Tavares in neutral zone.
0:04 of 1st period - Slapshot by Dion Phaneuf.
0:04 of 1st period - Deflect By Scott Hartnell.
0:04 of 1st period - Stopped by Pascal Leclaire with a rebound.
0:10 of 1st period - Sean Zimmerman is hit by Brian Lee and loses puck.
0:15 of 1st period - Snap shot by Michael Frolik.
0:15 of 1st period - Shot Misses the Net.
0:17 of 1st period - Slapshot by Johnny Oduya.
0:17 of 1st period - Deflect By Michael Frolik.
0:17 of 1st period - Stopped by Brian Elliott without a rebound.
0:18 of 1st period - Sam Gagner wins face-off versus Jussi Jokinen in Penguins zone.
0:30 of 1st period - Minor Penalty to Max Pacioretty for Slashing.
0:31 of 1st period - Andrew Cogliano wins face-off versus John Tavares in Penguins zone.
2:16 of 1st period - Dion Phaneuf is hit by Evgeny Artyukhin and loses puck.
2:30 of 1st period - Penalty to Max Pacioretty is over, Max Pacioretty is back on ice.
2:31 of 1st period - Keith Aulie is hit by Jussi Jokinen and loses puck.
2:56 of 1st period - Slapshot by Andrei Markov.
2:56 of 1st period - Deflect By Antoine Vermette.
2:56 of 1st period - Shot Blocked by Eric Gryba.
2:56 of 1st period - Puck is out of play.
2:57 of 1st period - Steven Stamkos wins face-off versus Antoine Vermette in Penguins zone.
3:01 of 1st period - Icing by Andrew Cogliano.
3:02 of 1st period - Bobby Ryan wins face-off versus Antoine Vermette in Penguins zone.
3:13 of 1st period - Snap shot by Patrick Eaves.
3:13 of 1st period - Stopped by Brian Elliott with a rebound.
3:15 of 1st period - Slapshot by Drew Fata.
3:15 of 1st period - Shot Misses the Net.
3:17 of 1st period - Slapshot by Raphael Diaz.
3:17 of 1st period - Stopped by Brian Elliott without a rebound.
3:18 of 1st period - Michael Frolik wins face-off versus Dominic Moore in Penguins zone.
3:21 of 1st period - Snap shot by John Tavares.
3:21 of 1st period - Shot Blocked by Dion Phaneuf.
3:24 of 1st period - Icing by Sean Zimmerman.
3:25 of 1st period - Dominic Moore wins face-off versus John Tavares in Penguins zone.
3:47 of 1st period - Minor Penalty to Dominic Moore for Cross-checking.
3:48 of 1st period - Andrew Cogliano wins face-off versus John Tavares in Penguins zone.
3:48 of 1st period - Andrew Cogliano is hit by Jussi Jokinen.
4:00 of 1st period - Wrist shot by Jussi Jokinen.
4:00 of 1st period - Shot Misses the Net.
4:02 of 1st period - Slapshot by Brian Lee.
4:02 of 1st period - Stopped by Brian Elliott without a rebound.
4:03 of 1st period - John Tavares wins face-off versus Andrew Cogliano in Penguins zone.
4:28 of 1st period - Keith Aulie is hit by Scott Hartnell and loses puck.
5:47 of 1st period - Penalty to Dominic Moore is over, Dominic Moore is back on ice.
6:03 of 1st period - Wrist shot by Steven Stamkos.
6:03 of 1st period - Stopped by Pascal Leclaire without a rebound.
6:04 of 1st period - Patrick Eaves wins face-off versus Steven Stamkos in Stars zone.
6:48 of 1st period - Wrist shot by Dominic Moore.
6:48 of 1st period - Shot Blocked by Jussi Jokinen.
6:50 of 1st period - Wrist shot by Paul Ranger.
6:50 of 1st period - Shot Blocked by Brian Lee.
6:56 of 1st period - Wrist shot by Sam Gagner.
6:56 of 1st period - Deflect By Max Pacioretty.
6:56 of 1st period - Shot Hit the Post.
6:56 of 1st period - Puck is out of play.
6:57 of 1st period - Andrew Cogliano wins face-off versus John Tavares in Stars zone.
7:23 of 1st period - Raphael Diaz is hit by Max Pacioretty and loses puck.
7:28 of 1st period - Wrist shot by Sam Gagner.
7:28 of 1st period - Shot Blocked by Drew Fata.
7:30 of 1st period - Snap shot by Sam Gagner.
7:30 of 1st period - Shot Blocked by Drew Fata.
7:32 of 1st period - Wrist shot by Steve Downie.
7:32 of 1st period - Shot Misses the Net.
7:34 of 1st period - Slapshot by Keith Aulie.
7:34 of 1st period - Stopped by Pascal Leclaire without a rebound.
7:35 of 1st period - Andrew Cogliano wins face-off versus John Tavares in Stars zone.
8:06 of 1st period - Wrist shot by Max Pacioretty.
8:06 of 1st period - Shot Misses the Net.
8:08 of 1st period - Slapshot by Sean Zimmerman.
8:08 of 1st period - Stopped by Pascal Leclaire with a rebound.
8:31 of 1st period - Daniel Cleary is hit by Riley Armstrong and loses puck.
8:48 of 1st period - Wrist shot by Radim Vrbata.
8:48 of 1st period - Shot Misses the Net.
8:53 of 1st period - Trevor Daley is hit by Dion Phaneuf and loses puck.
9:10 of 1st period - Wrist shot by Steven Stamkos.
9:10 of 1st period - Stopped by Pascal Leclaire with a rebound.
9:18 of 1st period - Sean Zimmerman is hit by Raphael Diaz and loses puck.
9:33 of 1st period - Slapshot by Dion Phaneuf.
9:33 of 1st period - Stopped by Pascal Leclaire with a rebound.
9:49 of 1st period - Steve Downie is hit by Brian Lee and loses puck.
9:54 of 1st period - Slapshot by Brian Lee.
9:54 of 1st period - Shot Misses the Net.
9:56 of 1st period - Snap shot by Dustin Penner.
9:56 of 1st period - Stopped by Brian Elliott with a rebound.
10:39 of 1st period - Wrist shot by Scott Hartnell.
10:39 of 1st period - Shot Blocked by Duncan Keith.
10:57 of 1st period - Snap shot by Steven Stamkos.
10:57 of 1st period - Goal by Steven Stamkos - Penguins : 1 - Stars : 0.
10:58 of 1st period - Steven Stamkos wins face-off versus John Tavares in neutral zone.
11:01 of 1st period - Snap shot by Bobby Ryan.
11:01 of 1st period - Shot Misses the Net.
11:03 of 1st period - Wrist shot by Steven Stamkos.
11:03 of 1st period - Stopped by Pascal Leclaire without a rebound.
11:04 of 1st period - John Tavares wins face-off versus Steven Stamkos in Stars zone.
11:08 of 1st period - Off-side.
11:09 of 1st period - John Tavares wins face-off versus Steven Stamkos in neutral zone.
11:23 of 1st period - Snap shot by Scott Hartnell.
11:23 of 1st period - Shot Misses the Net.
11:25 of 1st period - Wrist shot by Scott Hartnell.
11:25 of 1st period - Shot Misses the Net.
11:35 of 1st period - Jussi Jokinen is hit by Steve Downie and loses puck.
12:06 of 1st period - Snap shot by Daniel Cleary.
12:06 of 1st period - Stopped by Brian Elliott with a rebound.
12:35 of 1st period - Andrei Markov is hit by Keith Aulie and loses puck.
13:23 of 1st period - Trevor Daley is hit by Radim Vrbata and loses puck.
13:28 of 1st period - Daniel Cleary is hit by Patrick Marleau and loses puck.
14:12 of 1st period - Wrist shot by Michael Frolik.
14:12 of 1st period - Shot Misses the Net.
14:14 of 1st period - Slapshot by Michael Frolik.
14:14 of 1st period - Stopped by Brian Elliott without a rebound.
14:15 of 1st period - John Tavares wins face-off versus Sam Gagner in Penguins zone.
14:24 of 1st period - Slapshot by Michael Frolik.
14:24 of 1st period - Deflect By John Tavares.
14:24 of 1st period - Shot Blocked by Max Pacioretty.
14:24 of 1st period - Puck is out of play.
14:25 of 1st period - Sam Gagner wins face-off versus John Tavares in Penguins zone.
15:03 of 1st period - Johnny Oduya is hit by Sam Gagner and loses puck.
15:30 of 1st period - Slapshot by Sam Gagner.
15:30 of 1st period - Stopped by Pascal Leclaire without a rebound.
15:31 of 1st period - Steven Stamkos wins face-off versus Ryan Getzlaf in Stars zone.
15:46 of 1st period - Backhand shot by Bobby Ryan.
15:46 of 1st period - Shot Blocked by Drew Fata.
16:03 of 1st period - Minor Penalty to Drew Fata for High sticking.
16:04 of 1st period - Bobby Ryan wins face-off versus Michal Handzus in Stars zone.
16:08 of 1st period - Wrist shot by Andrew Cogliano.
16:08 of 1st period - Shot Misses the Net.
16:10 of 1st period - Slapshot by Dion Phaneuf.
16:10 of 1st period - Stopped by Pascal Leclaire without a rebound.
16:11 of 1st period - Michal Handzus wins face-off versus Steven Stamkos in Stars zone.
17:31 of 1st period - Snap shot by Bobby Ryan.
17:31 of 1st period - Shot Blocked by Brian Lee.
17:33 of 1st period - Snap shot by Bobby Ryan.
17:33 of 1st period - Goal by Bobby Ryan - Penguins : 2 - Stars : 0.
17:34 of 1st period - Sam Gagner wins face-off versus Ryan Getzlaf in neutral zone.
18:10 of 1st period - Minor Penalty to Raphael Diaz for Holding.
18:11 of 1st period - Sam Gagner wins face-off versus Michal Handzus in Stars zone.
18:33 of 1st period - Slapshot by Andrew Cogliano.
18:33 of 1st period - Shot Misses the Net.
18:44 of 1st period - Icing by Duncan Keith.
18:45 of 1st period - Sam Gagner wins face-off versus Scott Hartnell in Penguins zone.
19:36 of 1st period - Slapshot by Antoine Vermette.
19:36 of 1st period - Shot Misses the Net.
19:54 of 1st period - Wrist shot by Steve Downie.
19:54 of 1st period - Shot Blocked by Andrei Markov.
19:56 of 1st period - Snap shot by Max Pacioretty.
19:56 of 1st period - Stopped by Pascal Leclaire without a rebound.
19:57 of 1st period - Michal Handzus wins face-off versus Steven Stamkos in Stars zone.
Goals for this period are 2 for Penguins vs 0 for Stars.
Shots for this period are 12 for Penguins vs 7 for Stars.
2nd period
0:01 of 2nd period - Michal Handzus wins face-off versus Steven Stamkos in neutral zone.
0:10 of 2nd period - Penalty to Raphael Diaz is over, Raphael Diaz is back on ice.
0:42 of 2nd period - Steve Downie is hit by Ryan Getzlaf and loses puck.
1:09 of 2nd period - Duncan Keith is hit by Antoine Vermette and loses puck.
1:22 of 2nd period - Wrist shot by Steven Stamkos.
1:22 of 2nd period - Shot Misses the Net.
1:24 of 2nd period - Slapshot by Sean Zimmerman.
1:24 of 2nd period - Stopped by Pascal Leclaire with a rebound.
1:48 of 2nd period - Slapshot by Michal Handzus.
1:48 of 2nd period - Stopped by Brian Elliott with a rebound.
1:52 of 2nd period - Snap shot by Matt Cooke.
1:52 of 2nd period - Shot Misses the Net.
1:54 of 2nd period - Wrist shot by Matt Cooke.
1:54 of 2nd period - Stopped by Brian Elliott without a rebound.
1:55 of 2nd period - Ryan Getzlaf wins face-off versus Steven Stamkos in Penguins zone.
2:06 of 2nd period - Icing by Eric Gryba.
2:07 of 2nd period - Steven Stamkos wins face-off versus Scott Hartnell in Penguins zone.
2:26 of 2nd period - Snap shot by Bobby Ryan.
2:26 of 2nd period - Shot Misses the Net.
2:28 of 2nd period - Wrist shot by Andrew Cogliano.
2:28 of 2nd period - Stopped by Pascal Leclaire with a rebound.
2:30 of 2nd period - Slapshot by Eric Gryba.
2:30 of 2nd period - Stopped by Pascal Leclaire with a rebound.
2:42 of 2nd period - Slapshot by Bobby Ryan.
2:42 of 2nd period - Stopped by Pascal Leclaire with a rebound.
2:44 of 2nd period - Wrist shot by Bobby Ryan.
2:44 of 2nd period - Goal by Bobby Ryan - Penguins : 3 - Stars : 0.
2:45 of 2nd period - Ryan Getzlaf wins face-off versus Sam Gagner in neutral zone.
2:48 of 2nd period - Steve Downie is hit by Johnny Oduya and loses puck.
3:05 of 2nd period - Ryan Getzlaf is hit by Sean Zimmerman and loses puck.
3:13 of 2nd period - Icing by Johnny Oduya.
3:14 of 2nd period - Ryan Getzlaf wins face-off versus Steven Stamkos in Stars zone.
3:22 of 2nd period - Off-side.
3:23 of 2nd period - John Tavares wins face-off versus Steven Stamkos in neutral zone.
3:32 of 2nd period - Snap shot by John Tavares.
3:32 of 2nd period - Stopped by Brian Elliott without a rebound.
3:33 of 2nd period - Steven Stamkos wins face-off versus John Tavares in Penguins zone.
3:33 of 2nd period - Steven Stamkos is hit by Scott Hartnell.
3:57 of 2nd period - Steven Stamkos is hit by Ryan Getzlaf and loses puck.
4:42 of 2nd period - Off-side.
4:43 of 2nd period - John Tavares wins face-off versus Dominic Moore in neutral zone.
4:46 of 2nd period - Dominic Moore is hit by Trevor Daley and loses puck.
5:35 of 2nd period - Wrist shot by Bobby Ryan.
5:35 of 2nd period - Shot Misses the Net.
5:53 of 2nd period - Steven Stamkos is hit by Scott Hartnell and loses puck.
6:33 of 2nd period - Wrist shot by Steven Stamkos.
6:33 of 2nd period - Deflect By Michal Handzus.
6:33 of 2nd period - Stopped by Pascal Leclaire with a rebound.
6:43 of 2nd period - Slapshot by Michal Handzus.
6:43 of 2nd period - Shot Blocked by Paul Ranger.
7:49 of 2nd period - Icing by Trevor Daley.
7:50 of 2nd period - Michal Handzus wins face-off versus Sam Gagner in Stars zone.
8:17 of 2nd period - Snap shot by Ryan Callahan.
8:17 of 2nd period - Stopped by Pascal Leclaire with a rebound.
8:27 of 2nd period - Snap shot by Daniel Cleary.
8:27 of 2nd period - Shot Blocked by Keith Aulie.
8:29 of 2nd period - Slapshot by Trevor Daley.
8:29 of 2nd period - Stopped by Brian Elliott with a rebound.
8:31 of 2nd period - Wrist shot by Trevor Daley.
8:31 of 2nd period - Shot Misses the Net.
8:33 of 2nd period - Slapshot by Andrei Markov.
8:33 of 2nd period - Shot Misses the Net.
8:35 of 2nd period - Slapshot by Trevor Daley.
8:35 of 2nd period - Shot Misses the Net.
8:45 of 2nd period - Snap shot by Michal Handzus.
8:45 of 2nd period - Stopped by Brian Elliott with a rebound.
8:53 of 2nd period - Snap shot by Michal Handzus.
8:53 of 2nd period - Stopped by Brian Elliott without a rebound.
8:54 of 2nd period - John Tavares wins face-off versus Sam Gagner in Penguins zone.
8:55 of 2nd period - Snap shot by Michael Frolik.
8:55 of 2nd period - Goal by Michael Frolik - Penguins : 3 - Stars : 1.
8:56 of 2nd period - John Tavares wins face-off versus Steven Stamkos in neutral zone.
8:59 of 2nd period - Bobby Ryan is hit by Michael Frolik and loses puck.
9:26 of 2nd period - Off-side.
9:27 of 2nd period - Jussi Jokinen wins face-off versus Dominic Moore in neutral zone.
9:32 of 2nd period - Slapshot by Brian Lee.
9:32 of 2nd period - Stopped by Brian Elliott with a rebound.
9:48 of 2nd period - Minor Penalty to Evgeny Artyukhin for High sticking.
9:49 of 2nd period - Steven Stamkos wins face-off versus Michal Handzus in Stars zone.
10:00 of 2nd period - Wrist shot by Bobby Ryan.
10:00 of 2nd period - Shot Blocked by Drew Fata.
10:02 of 2nd period - Slapshot by Bobby Ryan.
10:02 of 2nd period - Shot Blocked by Drew Fata.
10:04 of 2nd period - Wrist shot by Steven Stamkos.
10:04 of 2nd period - Shot Misses the Net.
10:42 of 2nd period - Michal Handzus is hit by Sam Gagner and loses puck.
11:29 of 2nd period - Bobby Ryan is hit by Jussi Jokinen and loses puck.
11:36 of 2nd period - Keith Aulie is hit by Drew Fata and loses puck.
11:48 of 2nd period - Penalty to Evgeny Artyukhin is over, Evgeny Artyukhin is back on ice.
11:58 of 2nd period - Icing by Evgeny Artyukhin.
11:59 of 2nd period - Dominic Moore wins face-off versus Jussi Jokinen in Stars zone.
12:53 of 2nd period - Snap shot by Patrick Eaves.
12:53 of 2nd period - Shot Misses the Net.
13:11 of 2nd period - Snap shot by Michal Handzus.
13:11 of 2nd period - Stopped by Brian Elliott without a rebound.
13:12 of 2nd period - John Tavares wins face-off versus Steven Stamkos in Penguins zone.
13:13 of 2nd period - Wrist shot by Michael Frolik.
13:13 of 2nd period - Stopped by Brian Elliott without a rebound.
13:14 of 2nd period - Steven Stamkos wins face-off versus John Tavares in Penguins zone.
13:32 of 2nd period - Icing by Andrew Cogliano.
13:33 of 2nd period - Steven Stamkos wins face-off versus Ryan Getzlaf in Penguins zone.
13:45 of 2nd period - Snap shot by Bobby Ryan.
13:45 of 2nd period - Stopped by Pascal Leclaire without a rebound.
13:46 of 2nd period - John Tavares wins face-off versus Sam Gagner in Stars zone.
13:51 of 2nd period - Max Pacioretty is hit by Michael Frolik and loses puck.
15:38 of 2nd period - Sean Zimmerman is hit by Drew Fata and loses puck.
16:07 of 2nd period - Max Pacioretty is hit by Jussi Jokinen and loses puck.
16:12 of 2nd period - Wrist shot by Ryan Getzlaf.
16:12 of 2nd period - Deflect By Evgeny Artyukhin.
16:12 of 2nd period - Shot Blocked by Keith Aulie.
16:12 of 2nd period - Puck is out of play.
16:13 of 2nd period - John Tavares wins face-off versus Dominic Moore in Penguins zone.
16:14 of 2nd period - Snap shot by Michael Frolik.
16:14 of 2nd period - Goal by Michael Frolik - Penguins : 3 - Stars : 2.
16:15 of 2nd period - John Tavares wins face-off versus Steven Stamkos in neutral zone.
16:43 of 2nd period - Slapshot by Max Pacioretty.
16:43 of 2nd period - Shot Misses the Net.
17:13 of 2nd period - Wrist shot by Sam Gagner.
17:13 of 2nd period - Shot Misses the Net.
18:01 of 2nd period - Wrist shot by John Tavares.
18:01 of 2nd period - Shot Blocked by Keith Aulie.
18:15 of 2nd period - Snap shot by D.J King.
18:15 of 2nd period - Stopped by Pascal Leclaire with a rebound.
18:21 of 2nd period - Snap shot by Ryan Callahan.
18:21 of 2nd period - Shot Blocked by Johnny Oduya.
18:23 of 2nd period - Wrist shot by D.J King.
18:23 of 2nd period - Stopped by Pascal Leclaire with a rebound.
18:33 of 2nd period - Wrist shot by Brian Lee.
18:33 of 2nd period - Deflect By Radim Vrbata.
18:33 of 2nd period - Stopped by Brian Elliott with a rebound.
18:35 of 2nd period - Slapshot by Johnny Oduya.
18:35 of 2nd period - Stopped by Brian Elliott with a rebound.
19:36 of 2nd period - Snap shot by Evgeny Artyukhin.
19:36 of 2nd period - Shot Misses the Net.
Goals for this period are 1 for Penguins vs 2 for Stars.
Shots for this period are 10 for Penguins vs 13 for Stars.
3rd period
0:01 of 3rd period - John Tavares wins face-off versus Steven Stamkos in neutral zone.
0:10 of 3rd period - Wrist shot by Michael Frolik.
0:10 of 3rd period - Shot Misses the Net.
0:12 of 3rd period - Slapshot by Michael Frolik.
0:12 of 3rd period - Stopped by Brian Elliott without a rebound.
0:13 of 3rd period - John Tavares wins face-off versus Steven Stamkos in Penguins zone.
0:57 of 3rd period - Minor Penalty to Evgeny Artyukhin for Hooking.
0:58 of 3rd period - Michal Handzus wins face-off versus Steven Stamkos in Stars zone.
0:58 of 3rd period - Michal Handzus is hit by Dion Phaneuf.
2:13 of 3rd period - Icing by Max Pacioretty.
2:14 of 3rd period - Michal Handzus wins face-off versus Sam Gagner in Penguins zone.
2:57 of 3rd period - Penalty to Evgeny Artyukhin is over, Evgeny Artyukhin is back on ice.
3:07 of 3rd period - Snap shot by Jussi Jokinen.
3:07 of 3rd period - Shot Misses the Net.
3:51 of 3rd period - Sean Zimmerman is hit by Daniel Cleary and loses puck.
4:08 of 3rd period - Snap shot by Andrew Cogliano.
4:08 of 3rd period - Stopped by Pascal Leclaire without a rebound.
4:09 of 3rd period - Steven Stamkos wins face-off versus Ryan Getzlaf in Stars zone.
4:34 of 3rd period - Sam Gagner is hit by Dustin Penner and loses puck.
4:49 of 3rd period - Minor Penalty to Keith Aulie for Hooking.
4:50 of 3rd period - Andrew Cogliano wins face-off versus John Tavares in Penguins zone.
4:50 of 3rd period - Andrew Cogliano is hit by Jussi Jokinen.
4:58 of 3rd period - Snap shot by Radim Vrbata.
4:58 of 3rd period - Stopped by Pascal Leclaire without a rebound.
4:59 of 3rd period - Andrew Cogliano wins face-off versus John Tavares in Stars zone.
5:00 of 3rd period - Snap shot by Radim Vrbata.
5:00 of 3rd period - Shot Misses the Net.
5:02 of 3rd period - Snap shot by Andrew Cogliano.
5:02 of 3rd period - Shot Blocked by Brian Lee.
5:04 of 3rd period - Slapshot by Dion Phaneuf.
5:04 of 3rd period - Deflect By Michael Frolik.
5:04 of 3rd period - Stopped by Pascal Leclaire without a rebound.
5:05 of 3rd period - Andrew Cogliano wins face-off versus John Tavares in Stars zone.
5:06 of 3rd period - Snap shot by Radim Vrbata.
5:06 of 3rd period - Shot Misses the Net.
5:14 of 3rd period - Slapshot by Brian Lee.
5:14 of 3rd period - Stopped by Brian Elliott without a rebound.
5:15 of 3rd period - John Tavares wins face-off versus Andrew Cogliano in Penguins zone.
5:16 of 3rd period - Snap shot by Jussi Jokinen.
5:16 of 3rd period - Stopped by Brian Elliott with a rebound.
6:32 of 3rd period - Backhand shot by Jussi Jokinen.
6:32 of 3rd period - Stopped by Brian Elliott with a rebound.
6:40 of 3rd period - Slapshot by Jussi Jokinen.
6:40 of 3rd period - Stopped by Brian Elliott with a rebound.
6:42 of 3rd period - Snap shot by Jussi Jokinen.
6:42 of 3rd period - Shot Misses the Net.
6:44 of 3rd period - Slapshot by Johnny Oduya.
6:44 of 3rd period - Goal by Johnny Oduya - Penguins : 3 - Stars : 3.
6:45 of 3rd period - Steven Stamkos wins face-off versus Michal Handzus in neutral zone.
7:10 of 3rd period - Drew Fata is hit by Max Pacioretty and loses puck.
7:29 of 3rd period - Matt Cooke is hit by Radim Vrbata.
7:33 of 3rd period - Dominic Moore is hit by Trevor Daley.
9:11 of 3rd period - Dion Phaneuf is hit by Brian Lee and loses puck.
9:53 of 3rd period - Backhand shot by Radim Vrbata.
9:53 of 3rd period - Shot Misses the Net.
9:55 of 3rd period - Slapshot by Duncan Keith.
9:55 of 3rd period - Stopped by Pascal Leclaire with a rebound.
12:01 of 3rd period - Snap shot by Matt Cooke.
12:01 of 3rd period - Shot Blocked by Riley Armstrong.
12:03 of 3rd period - Wrist shot by Michal Handzus.
12:03 of 3rd period - Stopped by Brian Elliott with a rebound.
12:13 of 3rd period - Duncan Keith is hit by Brian Lee and loses puck.
12:56 of 3rd period - Slapshot by Sean Zimmerman.
12:56 of 3rd period - Shot Blocked by Raphael Diaz.
13:06 of 3rd period - Slapshot by Raphael Diaz.
13:06 of 3rd period - Stopped by Brian Elliott with a rebound.
13:20 of 3rd period - Slapshot by Dion Phaneuf.
13:20 of 3rd period - Goal by Dion Phaneuf - Penguins : 4 - Stars : 3.
13:21 of 3rd period - Scott Hartnell wins face-off versus Steven Stamkos in neutral zone.
13:23 of 3rd period - Minor Penalty to Brian Lee for Hooking.
13:24 of 3rd period - Michal Handzus wins face-off versus Steven Stamkos in Stars zone.
13:56 of 3rd period - Michal Handzus is hit by Sam Gagner and loses puck.
15:09 of 3rd period - Johnny Oduya is hit by Steven Stamkos and loses puck.
15:20 of 3rd period - Antoine Vermette is hit by Sam Gagner and loses puck.
15:23 of 3rd period - Penalty to Brian Lee is over, Brian Lee is back on ice.
17:16 of 3rd period - Wrist shot by Patrick Eaves.
17:16 of 3rd period - Shot Misses the Net.
17:40 of 3rd period - Wrist shot by Michael Frolik.
17:40 of 3rd period - Stopped by Brian Elliott without a rebound.
17:41 of 3rd period - John Tavares wins face-off versus Steven Stamkos in Penguins zone.
17:48 of 3rd period - Slapshot by Dion Phaneuf.
17:48 of 3rd period - Stopped by Pascal Leclaire with a rebound.
18:07 of 3rd period - Wrist shot by Michal Handzus.
18:07 of 3rd period - Stopped by Brian Elliott with a rebound.
18:09 of 3rd period - Snap shot by Michal Handzus.
18:09 of 3rd period - Stopped by Brian Elliott with a rebound.
18:31 of 3rd period - Max Pacioretty is hit by Evgeny Artyukhin and loses puck.
18:58 of 3rd period - Snap shot by Steven Stamkos.
18:58 of 3rd period - Shot Misses the Net.
19:02 of 3rd period - Snap shot by Dominic Moore.
19:02 of 3rd period - Shot Blocked by Brian Lee.
19:04 of 3rd period - Slapshot by Duncan Keith.
19:04 of 3rd period - Stopped by Pascal Leclaire without a rebound.
19:05 of 3rd period - Barry Trotz call a timeout for Stars.
19:05 of 3rd period - John Tavares wins face-off versus Dominic Moore in Stars zone.
19:05 of 3rd period - John Tavares is hit by Sean Zimmerman.
19:13 of 3rd period - Slapshot by Andrew Cogliano.
19:13 of 3rd period - Shot Misses the Net.
19:15 of 3rd period - Wrist shot by Steven Stamkos.
19:15 of 3rd period - Shot Misses the Net.
19:17 of 3rd period - Snap shot by Andrew Cogliano.
19:17 of 3rd period - Shot Hit the Post.
19:25 of 3rd period - Wrist shot by Steven Stamkos.
19:25 of 3rd period - Stopped by Pascal Leclaire with a rebound.
19:26 of 3rd period - Minor Penalty to Dion Phaneuf for Diving.
19:27 of 3rd period - John Tavares wins face-off versus Andrew Cogliano in Penguins zone.
19:29 of 3rd period - Minor Penalty to Michael Frolik for Holding.
19:30 of 3rd period - Steven Stamkos wins face-off versus Trevor Daley in Stars zone.
19:30 of 3rd period - Wrist shot by Bobby Ryan.
19:30 of 3rd period - Stopped by Pascal Leclaire with a rebound.
19:32 of 3rd period - Snap shot by Bobby Ryan.
19:32 of 3rd period - Shot Misses the Net.
19:34 of 3rd period - Snap shot by Bobby Ryan.
19:34 of 3rd period - Shot Misses the Net.
19:36 of 3rd period - Slapshot by Duncan Keith.
19:36 of 3rd period - Deflect By Steven Stamkos.
19:36 of 3rd period - Shot Misses the Net.
19:36 of 3rd period - Puck is out of play.
19:37 of 3rd period - Steven Stamkos wins face-off versus Trevor Daley in Stars zone.
19:48 of 3rd period - Stars, Pascal Leclaire is pulled from the net.
19:52 of 3rd period - Snap shot by Scott Hartnell.
19:52 of 3rd period - Shot Misses the Net.
Goals for this period are 1 for Penguins vs 1 for Stars.
Shots for this period are 9 for Penguins vs 11 for Stars.
Back to the Top